 Dungeon Crawl Stone Soup version 0.30-a0-757-ga6a79fd877 (webtiles) character file.

Game seed: 12988699249965222415

108 NinjaNoafa the Trooper (level 4, -1/41 HPs)
             Began as a Minotaur Fighter on Feb 9, 2023.
             Killed by nerve-wracking pain
             ... invoked by an orc priest
              (13 damage)
             ... on level 3 of the Dungeon.
             The game lasted 00:04:03 (1174 turns).

NinjaNoafa the Trooper (Minotaur Fighter)           Turns: 1174, Time: 00:04:04

Health: -1/41      AC: 12    Str: 20    XL:     4   Next: 58%
Magic:  3/3        EV:  7    Int:  5    God:
Gold:   112        SH:  4    Dex: 12    Spells: 3/3 levels left

rFire   . . .      SeeInvis .    a - +0 war axe
rCold   . . .      Faith    +    c - +0 buckler
rNeg    . . .      Spirit   .    e - +0 storm dragon scales
rPois   .          Reflect  .    (helmet restricted)
rElec   +          Harm     .    (no cloak)
rCorr   .          Rampage  .    (no gloves)
Will    .....                    (no boots) Stlth
                                 j - amulet of faith
HPRegen 0.26/turn                (no ring)
MPRegen 0.08/turn                (no ring)

@: no status effects
A: horns 2, retaliatory headbutt
a: no special abilities


You were on level 3 of the Dungeon.
You visited 1 branch of the dungeon, and saw 3 of its levels.

You collected 112 gold pieces.

Inventory:

Hand Weapons
 a - a +0 war axe (weapon)
Armour
 c - a +0 buckler (worn)
 e - +0 storm dragon scales (worn)
Jewellery
 j - an amulet of faith (around neck)
Scrolls
 b - 2 scrolls of identify {unknown}
 m - a scroll of enchant weapon {unknown}
 n - a scroll of enchant armour {unknown}
Potions
 d - a potion of might
 f - a potion of lignification {unknown}
 g - a potion of heal wounds {unknown}
 h - a potion of berserk rage {unknown}
 i - a potion of attraction {unknown}
 k - a potion of curing {unknown}
 l - a potion of degeneration {unknown}
 o - a potion of flight {unknown}


   Skills:
 + Level 4.8 Fighting
 + Level 3.9 Axes
 + Level 4.7 Armour
 - Level 3.6 Shields


You had 3 spell levels left.
You didn't know any spells.
Your spell library contained the following spells:

 Spells                   Type           Power      Damage    Failure   Level
 Beastly Appendage        Tmut           0%         N/A       100%        1
 Wereblood                Tmut           0%         N/A       100%        2
 Call Canine Familiar     Summ           0%         N/A       100%        3
 Portal Projectile        Hex/Tloc       0%         N/A       100%        3
 Spider Form              Tmut/Pois      0%         N/A       100%        3
 Leda's Liquefaction      Hex/Erth       0%         N/A       100%        4


Dungeon Overview and Level Annotations

Branches:
Dungeon (3/15)

Altars:
Ashenzari
Fedhas
Hepliaklqana

Annotations:
D:3 exclusion: oklob plant


Innate Abilities, Weirdness & Mutations

You have a pair of horns on your head.
You reflexively headbutt those who attack you in melee.


Message History

You kill the ball python!
You closely miss the orc wizard.
The orc wizard gestures at you while chanting.
The magic dart hits you.
You slash the orc wizard! Your headbutt misses the orc wizard.
The orc wizard is heavily wounded.
You closely miss the orc. The orc wizard casts a spell at you.
The magic dart hits you but does no damage.
The orc hits you but does no damage.
The orc wizard hits you but does no damage.
The orc priest hits you with a +0 flail.
You slash the orc wizard!
You kill the orc wizard!
You hit the orc priest. You closely miss the orc.
The orc priest hits you with a +0 flail.
The orc closely misses you.
You barely miss the orc. You slash the orc!
You kill the orc!
You barely miss the orc priest.
The orc priest hits you but does no damage.
The orc hits you with a +0 flail. You block the orc priest's attack.
The orc hits you but does no damage.
You slash the orc priest!
The orc priest is severely wounded.
You hit the orc.
The orc priest calls down the wrath of Beogh upon you.
Pain shoots through your body! The orc hits you but does no damage.
You closely miss the orc priest.
The orc priest is severely wounded.
You hit the orc.
You kill the orc!
The orc priest mumbles some strange prayers to Beogh against you.
Beogh smites you!
* * * LOW HITPOINT WARNING * * *
You barely miss the orc priest.
The orc priest is severely wounded.
The orc priest calls down the wrath of Beogh upon you.
Pain shoots through your body!
You die...

..>......####+#### #.#
.....⌠...#.......# #.#
.........#.⌠...⌠.# #.#
.⌠.⌠.....#.......###.#
.........+...⌠...'...#
.....⌠...#.......#..##
..<.o.†.##.⌠...⌠.##.#
#)o#.......##.#
#@)####'#####.#
#.##.....# #.# #.
###..## #.# #. #..#
... #. #..# ... #.
#..# #. #... .. .....
#.##.


You could see an orc priest.

Vanquished Creatures
  An orc wizard (D:3)
  Terence (D:2)
  2 adders (D:2)
  4 orcs (D:3)
  4 ball pythons
  3 endoplasms
  A goblin (D:1)
  3 hobgoblins (D:1)
  2 jackals (D:2)
  2 quokkas
  3 bats (D:1)
  A frilled lizard (D:3)
  4 kobolds
  4 rats
35 creatures vanquished.

Vanquished Creatures (others)
  8 fungi (D:3)
  13 plants (D:3)
  12 toadstools (D:3)
33 creatures vanquished.

Grand Total: 68 creatures vanquished

Notes
Turn   | Place    | Note
-------+----------+-------------------------------------------
     0 | D:1      | NinjaNoafa the Minotaur Fighter began the quest for the
                  | Orb.
     0 | D:1      | Reached XP level 1. HP: 19/19 MP: 0/0
   241 | D:1      | Reached XP level 2. HP: 15/27 MP: 1/1
   575 | D:2      | Noticed Terence
   578 | D:2      | Killed Terence
   579 | D:2      | Reached XP level 3. HP: 24/34 MP: 2/2
   778 | D:2      | Reached XP level 4. HP: 41/41 MP: 3/3
   794 | D:3      | Found a hazy altar of Hepliaklqana.
   966 | D:3      | Found a broken altar of Ashenzari.
  1020 | D:3      | Found a blossoming altar of Fedhas.
  1031 | D:3      | Noticed an oklob plant
  1174 | D:3      | Killed from afar by an orc priest

Illustrated notes

Levels and vault maps discovered:
D:1:      lemuel_arrival_lava_pool, layout_basic
D:2:      layout_rooms, uniq_terence
D:3:      layout_loops_ring, lemuel_doored_altar,
          nicolae_hepliaklqana_hazy_memory, tgw_fedhas, grunt_ministairs_10,
          minmay_fountain_box, st_stairs_7, kennysheep_path_1, uniq_robin

Skill      XL: |  1  2 |
---------------+-------+-----
Fighting       | 4 |  4.8
Armour         | 4 |  4.7
Axes           | 3 |  3.9
Shields        | |  3.6

Action                     |  1- 3 |  4- 6 || total
---------------------------+-------+-------++-------
  Melee: War axe           |    42 |    39 ||    81
         Headbutt          |     5 |     6 ||    11
 Armour: Storm dragon scal |    40 |    14 ||    54
  Dodge: Dodged            |    19 |    11 ||    30
  Block: Buckler           |    11 |     3 ||    14

Table legend: (Time is in decaauts)
 A = Elapsed time spent in this place.
 B = Non-inter-level travel time spent in this place.
 C = Inter-level travel time spent in this place.
 D = Time resting spent in this place.
 E = Time spent auto-exploring this place.
 F = Levels seen in this place.
 G = Mean time per level.
                   A        B        C        D        E       F      G
               +--------+--------+--------+--------+--------+-----+--------+
         Total |   1204 |   1061 |    143 |      0 |    168 |   3 |  401.3 |
       Dungeon |   1204 |   1061 |    143 |      0 |    168 |   3 |  401.3 |
               +--------+--------+--------+--------+--------+-----+--------+

Top non-repeatable levels by time:
     D:1: 472 daAuts
     D:3: 401 daAuts
     D:2: 330 daAuts
